AoeStats
← TIMVP

Arena

509893826Analyzed
1v1 RM · 3d ago on Sep 28, 2026· 45m 8s· 2 players
Game mode
Random Map
Map size
Tiny (2 player)
Population
200
Speed
Normal
Resources
Standard
Victory
Conquest
Starting age
Dark Age
Ending age
Imperial Age
RankedLock teamsTeams togetherTeam positionsShared explorationLock speedFull tech treeHidden civsTurbo modeCheats
Victory
Defeat
🇵🇪 Danes · Peru
521
+19
🇮🇹 Romans · Italy
577
-19
rinocbr93
11:46 Feudal Age
14:43 Town Watch
19:04 Castle Age
17:31 Double-Bit Axe
17:29 Horse Collar
18:39 Gold Mining
18:46 Stone Mining
20:12 Loom
20:36 Light Cavalry
31:02 Imperial Age
27:55 Man-at-Arms
29:01 Elite Skirmisher
29:49 Long Swordsman
30:33 Squires
31:47 Wheelbarrow
32:10 Gold Shaft Mining
33:47 Murder Holes
34:24 Fervor
34:56 Conscription
34:41 Legionary
36:13 Ballistas
35:38 Sappers
36:34 Capped Ram
37:37 Hand Cart
38:04 Heavy Plow
39:25 Town Patrol
41:52 Masonry
41:48 Siege Engineers
41:53 Fortified Wall
41:13 Onager
43:05 Architecture
43:42 Bow Saw
43:00 Crossbowman
TIMVP
2:52 Loom
11:32 Feudal Age
13:12 Wheelbarrow
12:24 Double-Bit Axe
15:24 Horse Collar
18:38 Castle Age
17:06 Horse Collar
19:23 Heavy Plow
23:59 Hand Cart
27:09 Pikeman
29:03 Squires
31:41 Arson
35:49 Imperial Age
35:17 Scale Mail Armor
35:27 Forging
38:28 Chain Mail Armor
38:49 Iron Casting
38:29 Halberdier
41:17 Elite Jomsviking
43:49 Conscription
44:21 Plate Mail Armor
46:34 Blast Furnace
Connection lost

Rejoining the realm…

Still unreachable

The connection could not be restored.

Session expired

The server has moved on; the page needs a fresh start.